MLB
ATLANTA BRAVES @ MILWAUKEE BREWERS
07/05/2018
 
TOP OF THE 1ST
Atlanta Braves batting - Pitching for Milwaukee Brewers : RHP Hisashi Iwakuma
Pitching: RHP Hisashi Iwakuma
Batting: LHB Mallex Smith 0-0: Ground out 6-3 (Groundball, 6S)
Batting: LHB Ben Gamel 0-0: Called Strike
0-1: Ground out 1-3 (Groundball, 13S)
Batting: RHB Miguel Sano 0-0: Ball
1-0: Ball
2-0: Called Strike
2-1: Foul Ball, location: 2F
2-2: Fly out, F6 (Flyball, 6MD)
Top of the 1st over - 0 runs, 0 hits, 0 errors, 0 left on base; Atlanta 0 - Milwaukee 0
BOTTOM OF THE 1ST
Milwaukee Brewers batting - Pitching for Atlanta Braves : RHP Brandon McCarthy
Pitching: RHP Brandon McCarthy
Batting: RHB Tommy Pham 0-0: Foul Ball, location: 2F
0-1: Foul Ball, location: 2F
0-2: Fly out, F9 (Flyball, 9S)
Batting: RHB Aaron Judge 0-0: Foul Ball, location: 2F
0-1: Foul Ball, location: 2F
0-2: Foul Ball, location: 2F
0-2: Foul Ball, location: 2F
0-2: Foul Ball, location: 2F
0-2: Ball
1-2: Ball
2-2: SINGLE (Line Drive, 5D)
Batting: RHB Logan Forsythe 0-0: Ball
1-0: Called Strike
Aaron Judge is caught stealing 2nd base 2-4
1-1: Ball
2-1: SINGLE (Flyball, 4MD)
Batting: LHB Seth Smith 0-0: Ball
1-0: Foul Ball, location: 2F
1-1: Called Strike
1-2: Foul Ball, location: 2F
1-2: Fly out, F8 (Flyball, 89D)
Bottom of the 1st over - 0 runs, 2 hits, 0 errors, 1 left on base; Atlanta 0 - Milwaukee 0
TOP OF THE 2ND
Atlanta Braves batting - Pitching for Milwaukee Brewers : RHP Hisashi Iwakuma
Batting: LHB Greg Bird 0-0: Ball
1-0: Foul Ball, location: 2F
1-1: Fly out, F6 (Popup, 56D)
Batting: RHB Domingo Santana 0-0: Swinging Strike
0-1: Swinging Strike
0-2: Strikes out swinging
Batting: SHB Leury Garcia 0-0: Foul Ball, location: 2F
0-1: Swinging Strike
0-2: Ground out 4-3 (Groundball, 4)
Top of the 2nd over - 0 runs, 0 hits, 0 errors, 0 left on base; Atlanta 0 - Milwaukee 0
BOTTOM OF THE 2ND
Milwaukee Brewers batting - Pitching for Atlanta Braves : RHP Brandon McCarthy
Batting: RHB Eugenio Suarez 0-0: Ball
1-0: Ball
2-0: Ball
3-0: Called Strike
3-1: Base on Balls
Batting: LHB Lucas Duda 0-0: Ball
1-0: Ball
2-0: Sac Bunt to P - play at first, batter OUT! 1-3
Eugenio Suarez to second
Batting: RHB Addison Russell 0-0: Ball
1-0: Called Strike
1-1: Called Strike
1-2: Strikes out looking
Batting: RHB Hisashi Iwakuma 0-0: Ball
1-0: Ball
2-0: Called Strike
2-1: Ground out 1-3 (Groundball, 15S)
Bottom of the 2nd over - 0 runs, 0 hits, 0 errors, 1 left on base; Atlanta 0 - Milwaukee 0
TOP OF THE 3RD
Atlanta Braves batting - Pitching for Milwaukee Brewers : RHP Hisashi Iwakuma
Batting: RHB Kurt Suzuki 0-0: Ball
1-0: Ball
2-0: Fly out, F8 (Line Drive, 8LM)
Batting: RHB Jose Iglesias 0-0: Ball
1-0: SINGLE (Line Drive, 56)
Batting: RHB Brandon McCarthy 0-0: Sac Bunt to 23 - play at first, batter OUT! 3-4
Jose Iglesias to second
Batting: LHB Mallex Smith 0-0: Swinging Strike
0-1: Called Strike
0-2: Ball
1-2: Ball
2-2: Strikes out looking
Top of the 3rd over - 0 runs, 1 hit, 0 errors, 1 left on base; Atlanta 0 - Milwaukee 0
BOTTOM OF THE 3RD
Milwaukee Brewers batting - Pitching for Atlanta Braves : RHP Brandon McCarthy
Batting: SHB Tucker Barnhart 0-0: Ball
1-0: Called Strike
1-1: Fly out, F3 (Line Drive, 4)
Batting: RHB Tommy Pham 0-0: Foul Ball, location: 2F
0-1: Ball
1-1: Foul Ball, location: 2F
1-2: Reached on error, E3 (Groundball, 34S)
Batting: RHB Aaron Judge 0-0: Ball
1-0: Called Strike
1-1: 2-RUN HOME RUN (Flyball, 7LD), Distance : 373 ft
Batting: RHB Logan Forsythe 0-0: Swinging Strike
0-1: Ball
1-1: Ball
2-1: Foul Ball, location: 2F
2-2: Foul Ball, location: 2F
2-2: Foul Ball, location: 2F
2-2: Strikes out swinging
Batting: LHB Seth Smith 0-0: Called Strike
0-1: Swinging Strike
0-2: Fly out, F7 (Flyball, 78S)
Bottom of the 3rd over - 2 runs, 1 hit, 1 error, 0 left on base; Atlanta 0 - Milwaukee 2
TOP OF THE 4TH
Atlanta Braves batting - Pitching for Milwaukee Brewers : RHP Hisashi Iwakuma
Batting: LHB Ben Gamel 0-0: Called Strike
0-1: Fly out, F3 (Popup, 34)
Batting: RHB Miguel Sano 0-0: Ball
1-0: Ball
2-0: Ball
3-0: Called Strike
3-1: Foul Ball, location: 2F
3-2: Ground out 5-3 (Groundball, 56)
Batting: LHB Greg Bird 0-0: Foul Ball, location: 2F
0-1: Foul Ball, location: 2F
0-2: SINGLE (Groundball, 6MS) (infield hit)
Batting: RHB Domingo Santana 0-0: Called Strike
0-1: SINGLE (Line Drive, 9LS)
Greg Bird to second
Batting: SHB Leury Garcia 0-0: Called Strike
0-1: Ball
1-1: Called Strike
1-2: Ball
2-2: Ball
3-2: Strikes out swinging
Top of the 4th over - 0 runs, 2 hits, 0 errors, 2 left on base; Atlanta 0 - Milwaukee 2
BOTTOM OF THE 4TH
Milwaukee Brewers batting - Pitching for Atlanta Braves : RHP Brandon McCarthy
Batting: RHB Eugenio Suarez 0-0: Called Strike
0-1: Ball
1-1: Called Strike
1-2: Ball
2-2: Fly out, F4 (Popup, 4M)
Batting: LHB Lucas Duda 0-0: Ball
1-0: Ball
2-0: Ball
3-0: Base on Balls
Batting: RHB Addison Russell 0-0: Foul Ball, location: 2F
0-1: Ball
1-1: Foul Ball, location: 2F
1-2: Hit by Pitch
Lucas Duda to second
Batting: RHB Hisashi Iwakuma 0-0: Ball
1-0: Ball
2-0: Foul Ball, location: 2F
2-1: Sac Bunt to 23 - play at first, batter OUT! 3-4
Lucas Duda to third
Addison Russell to second
Batting: SHB Tucker Barnhart 0-0: Ball
1-0: Swinging Strike
1-1: Foul Ball, location: 2F
1-2: Ball
Wild Pitch!
Lucas Duda scores
Addison Russell to third
2-2: Ball
3-2: Foul Ball, location: 2F
3-2: Foul Ball, location: 2F
3-2: SINGLE (Line Drive, 4D)
Addison Russell scores
Batting: RHB Tommy Pham 0-0: Ball
1-0: Ball
2-0: Foul Ball, location: 2F
2-1: Called Strike
2-2: Ball
3-2: Fly out, F8 (Flyball, 78D)
Bottom of the 4th over - 2 runs, 1 hit, 0 errors, 1 left on base; Atlanta 0 - Milwaukee 4
TOP OF THE 5TH
Atlanta Braves batting - Pitching for Milwaukee Brewers : RHP Hisashi Iwakuma
Batting: RHB Kurt Suzuki 0-0: Ball
1-0: Foul Ball, location: 2F
1-1: Ground out 5-3 (Groundball, 56)
Batting: RHB Jose Iglesias 0-0: Fly out, F3 (Popup, 3SF)
Pinch Hitting: RHB Hunter Renfroe 0-0: Ball
1-0: Foul Ball, location: 2F
1-1: Swinging Strike
1-2: Strikes out swinging
Top of the 5th over - 0 runs, 0 hits, 0 errors, 0 left on base; Atlanta 0 - Milwaukee 4
BOTTOM OF THE 5TH
Milwaukee Brewers batting - Pitching for Atlanta Braves : RHP Brandon McCarthy
Pitching: RHP Michael Lorenzen
Batting: RHB Aaron Judge 0-0: Foul Ball, location: 2F
0-1: Swinging Strike
0-2: Ball
1-2: Ball
2-2: Strikes out swinging
Batting: RHB Logan Forsythe 0-0: Foul Ball, location: 2F
0-1: Ball
1-1: Swinging Strike
1-2: Ball
2-2: Foul Ball, location: 2F
2-2: Ball
3-2: Foul Ball, location: 2F
3-2: Ground out 6-3 (Groundball, 6)
Batting: LHB Seth Smith 0-0: Swinging Strike
0-1: Ground out 6-3 (Groundball, 6)
Bottom of the 5th over - 0 runs, 0 hits, 0 errors, 0 left on base; Atlanta 0 - Milwaukee 4
TOP OF THE 6TH
Atlanta Braves batting - Pitching for Milwaukee Brewers : RHP Hisashi Iwakuma
Batting: LHB Mallex Smith 0-0: Ball
1-0: Ball
2-0: Ball
3-0: Called Strike
3-1: Base on Balls
Batting: LHB Ben Gamel 0-0: Called Strike
0-1: Ball
1-1: Called Strike
1-2: Ball
2-2: Ball
3-2: Fielders Choice at 2nd, 3-6 (Groundball, 34S)
Batting: RHB Miguel Sano 0-0: Ball
1-0: Ball
2-0: Ball
3-0: Base on Balls
Ben Gamel to second
Batting: LHB Greg Bird 0-0: Ball
1-0: Grounds into double play, 3-6-3 (Groundball, 3)
Top of the 6th over - 0 runs, 0 hits, 0 errors, 1 left on base; Atlanta 0 - Milwaukee 4
BOTTOM OF THE 6TH
Milwaukee Brewers batting - Pitching for Atlanta Braves : RHP Michael Lorenzen
Batting: RHB Eugenio Suarez 0-0: Ball
1-0: Called Strike
1-1: Called Strike
1-2: Ball
2-2: Foul Ball, location: 2F
2-2: Ball
3-2: Ground out U3 (Groundball, 3)
Batting: LHB Lucas Duda 0-0: Ground out U3 (Groundball, 3)
Batting: RHB Addison Russell 0-0: Ball
1-0: Swinging Strike
1-1: Ground out 1-3 (Groundball, 15S)
Bottom of the 6th over - 0 runs, 0 hits, 0 errors, 0 left on base; Atlanta 0 - Milwaukee 4
TOP OF THE 7TH
Atlanta Braves batting - Pitching for Milwaukee Brewers : RHP Hisashi Iwakuma
Batting: RHB Domingo Santana 0-0: Ball
1-0: Foul Ball, location: 2F
1-1: Called Strike
1-2: Foul Ball, location: 2F
1-2: Ball
2-2: Fly out, F7 (Flyball, 78M)
Batting: SHB Leury Garcia 0-0: SINGLE (Groundball, 4MD)
Batting: RHB Kurt Suzuki 0-0: Ball
Leury Garcia steals 2nd base
1-0: Ball
2-0: Ball
3-0: Called Strike
3-1: SINGLE (Line Drive, 56)
Leury Garcia to third
Batting: RHB Jose Iglesias 0-0: SINGLE (Line Drive, 7S)
Leury Garcia scores
Kurt Suzuki to second
Pinch Hitting: LHB Jeremy Hazelbaker 0-0: Ball
1-0: Called Strike
1-1: Grounds into double play, 5-4-3 (Groundball, 5)
Top of the 7th over - 1 run, 3 hits, 0 errors, 1 left on base; Atlanta 1 - Milwaukee 4
BOTTOM OF THE 7TH
Milwaukee Brewers batting - Pitching for Atlanta Braves : RHP Michael Lorenzen
Pitching: LHP Zach Duke
Batting: RHB Hisashi Iwakuma 0-0: Ground out 4-3 (Groundball, 4M)
Batting: SHB Tucker Barnhart 0-0: Foul Ball, location: 2F
0-1: Fly out, F9 (Flyball, 9LMF)
Batting: RHB Tommy Pham 0-0: Called Strike
0-1: Ball
1-1: SOLO HOME RUN (Flyball, 89XD), Distance : 405 ft
Batting: RHB Aaron Judge 0-0: Ball
1-0: Foul Ball, location: 2F
1-1: Ball
2-1: Foul Ball, location: 2F
2-2: Fly out, F8 (Flyball, 8RM)
Bottom of the 7th over - 1 run, 1 hit, 0 errors, 0 left on base; Atlanta 1 - Milwaukee 5
TOP OF THE 8TH
Atlanta Braves batting - Pitching for Milwaukee Brewers : RHP Hisashi Iwakuma
Batting: LHB Mallex Smith 0-0: Called Strike
0-1: Ball
1-1: Ball
2-1: Ball
3-1: Foul Ball, location: 2F
3-2: Strikes out swinging
Pitching: RHP Kyle Barraclough
Batting: LHB Ben Gamel 0-0: Swinging Strike
0-1: Called Strike
0-2: Ball
1-2: Ball
2-2: Ball
3-2: Ground out 4-3 (Groundball, 4MD)
Batting: RHB Miguel Sano 0-0: Called Strike
0-1: Ball
1-1: Swinging Strike
1-2: Foul Ball, location: 2F
1-2: Strikes out looking
Top of the 8th over - 0 runs, 0 hits, 0 errors, 0 left on base; Atlanta 1 - Milwaukee 5
BOTTOM OF THE 8TH
Milwaukee Brewers batting - Pitching for Atlanta Braves : LHP Zach Duke
Batting: RHB Logan Forsythe 0-0: Called Strike
0-1: Foul Ball, location: 2F
0-2: Ball
1-2: Hit by Pitch
Batting: LHB Seth Smith 0-0: Ball
1-0: Called Strike
1-1: Ball
2-1: Called Strike
2-2: Ball
3-2: Base on Balls
Logan Forsythe to second
Batting: RHB Eugenio Suarez 0-0: Swinging Strike
0-1: Ball
1-1: Swinging Strike
1-2: Foul Ball, location: 2F
1-2: Strikes out swinging
Pitching: LHP Enny Romero
Batting: LHB Lucas Duda 0-0: Called Strike
0-1: Ball
1-1: Foul Ball, location: 2F
1-2: Ball
2-2: 3-RUN HOME RUN (Flyball, 9D), Distance : 390 ft
Batting: RHB Addison Russell 0-0: Called Strike
0-1: Ball
1-1: Swinging Strike
1-2: Fly out, F8 (Line Drive, 8RD)
Batting: RHB Kyle Barraclough 0-0: Ball
1-0: Fly out, F8 (Flyball, 8RM)
Bottom of the 8th over - 3 runs, 1 hit, 0 errors, 0 left on base; Atlanta 1 - Milwaukee 8
TOP OF THE 9TH
Atlanta Braves batting - Pitching for Milwaukee Brewers : RHP Kyle Barraclough
Batting: LHB Greg Bird 0-0: Ball
1-0: Ball
2-0: Ball
3-0: Base on Balls
Batting: RHB Domingo Santana 0-0: Swinging Strike
0-1: Ball
1-1: Ball
2-1: Foul Ball, location: 2F
2-2: Strikes out looking
Batting: SHB Leury Garcia 0-0: Ball
1-0: Called Strike
1-1: Called Strike
1-2: Foul Ball, location: 2F
1-2: Ball
2-2: Strikes out swinging
Batting: RHB Kurt Suzuki 0-0: Called Strike
0-1: Swinging Strike
0-2: Strikes out swinging
Top of the 9th over - 0 runs, 0 hits, 0 errors, 1 left on base; Atlanta 1 - Milwaukee 8
Tuesday, September 11th, 2018 - OOTP Baseball 19.8 Build 79